 Dungeon Crawl Stone Soup version 0.30-a0-950-gbf40cfac39 (webtiles) character file.

Game seed: 10529339398932683748

19074 112233 the Fighter (level 12, -8/133 HPs)
             Began as an Ogre Fire Elementalist on Mar 28, 2023.
             Was an Initiate of Gozag.
             Killed from afar by Jorgrun (46 damage)
             ... with an iron shot
             ... on level 11 of the Dungeon.
             The game lasted 00:27:46 (23816 turns).

112233 the Fighter (Ogre Fire Elementalist)        Turns: 23816, Time: 00:27:47

Health: -8/133     AC: 10    Str: 15    XL:     12   Next: 65%
Magic:  13/27      EV: 11    Int: 20    God:    Gozag
Gold:   1540       SH:  0    Dex: 15    Spells: 16/33 levels left

rFire   . . .      SeeInvis .    x - +3 dagger (drain)
rCold   . . .      Faith    .    (no shield)
rNeg    . . .      Spirit   .    a - +0 robe
rPois   .          Reflect  .    (helmet restricted)
rElec   .          Rampage  .    L - +2 cloak {Stlth+}
rCorr   .                        (gloves unavailable)
Will    +....                    (boots unavailable)
Stlth   +++                      m - amulet of magic regeneration
HPRegen 0.42/turn                I - +4 ring of protection
MPRegen 0.60/turn                l - +6 ring of dexterity

@: grasped by roots, gold aura, constricted
A: large, unfitting armour, tough skin 1
a: Renounce Religion, Potion Petition, Call Merchant, Bribe Branch


You were on level 11 of the Dungeon.
You worshipped Gozag.
Gozag was most pleased with you.
You visited 3 branches of the dungeon, and saw 15 of its levels.

You collected 3124 gold pieces.
You spent 1223 gold pieces at shops.
You paid 361 gold pieces to Gozag.

Inventory:

Hand Weapons
 q - a +0 mace of protection
 x - a +3 dagger of draining (weapon)
Armour
 a - a +0 robe (worn)
 d - a +0 cloak
 L - a +2 cloak of stealth (worn)
Jewellery
 g - a +6 ring of strength
 l - a +6 ring of dexterity (right hand)
 m - an amulet of magic regeneration (around neck)
 o - a ring of willpower
 p - a ring of willpower
 u - an amulet of guardian spirit
 I - a +4 ring of protection (left hand)
Wands
 e - a wand of flame (21)
 h - a wand of polymorph (5)
Scrolls
 c - 4 scrolls of immolation
 f - 3 scrolls of enchant weapon
 i - 3 scrolls of poison
 r - 2 scrolls of vulnerability
 y - 3 scrolls of enchant armour
 B - a scroll of brand weapon
 E - 3 scrolls of magic mapping
 G - 2 scrolls of fog
 K - a scroll of silence
 O - a scroll of amnesia
Potions
 b - 8 potions of curing
 j - a potion of attraction {unknown}
 k - 3 potions of brilliance
 n - 3 potions of might
 s - 3 potions of haste
 v - 3 potions of ambrosia
 w - 2 potions of berserk rage
 z - 2 potions of resistance {unknown}
 A - 5 potions of lignification
 C - 3 potions of cancellation
 H - a potion of flight {unknown}
 J - 3 potions of mutation {unknown}
 N - 5 potions of heal wounds
 P - 2 potions of degeneration


   Skills:
 + Level 12.8 Fighting
 + Level 9.4 Dodging
 - Level 1.4 Stealth
 + Level 11.2 Spellcasting
 - Level 4.9 Conjurations
 + Level 9.7 Fire Magic


You had 16 spell levels left.
You knew the following spells:

 Your Spells              Type           Power      Damage    Failure   Level
a - Foxfire               Conj/Fire      100%       2x1d9     1%          1
b - Scorch                Fire           100%       2d10      1%          2
c - Apportation           Tloc           22%        N/A       6%          1
d - Flame Wave            Conj/Fire      40%        2d11      3%          4
e - Sticky Flame          Conj/Fire      40%        2d6       3%          4
f - Kindle Blastsparks    Fire/Tloc/Air  48%        2d14      4%          3
g - Passwall              Tmut/Erth      9%         N/A       10%         2

Your spell library contained the following spells:

 Spells                   Type           Power      Damage    Failure   Level
 Inner Flame              Hex/Fire       30%        N/A       2%          3
 Ignite Poison            Fire/Tmut/Pois 24%        N/A       4%          3
 Necrotise                Necr           44%        1d6       6%          1
 Slow                     Hex            44%        N/A       6%          1
 Sting                    Tmut/Pois      44%        1d5       6%          1
 Summon Small Mammal      Summ           44%        N/A       6%          1
 Ensorcelled Hibernation  Hex/Ice        22%        N/A       10%         2
 Poisonous Vapours        Pois/Air       22%        N/A       10%         2
 Confusing Touch          Hex            11%        N/A       19%         3
 Gell's Gravitas          Tloc           11%        N/A       19%         3
 Swiftness                Air            11%        N/A       19%         3
 Teleport Other           Tloc           11%        N/A       19%         3
 Tukima's Dance           Hex            11%        N/A       19%         3
 Vampiric Draining        Necr           11%        2d6       19%         3
 Olgreb's Toxic Radiance  Pois           11%        N/A       52%         4
 Passage of Golubria      Tloc           11%        N/A       52%         4
 Yara's Violent Unravell  Hex/Tmut       5%         3d4       86%         5
 Dispersal                Tloc           5%         N/A       100%        6
 Ignition                 Fire           25%        3d8       100%        8


Dungeon Overview and Level Annotations

Branches:
Dungeon (12/15)            Temple (1/1) D:7            Lair (0/5) D:11
    Orc (2/2) D:9             Elf (0/3) Orc:2

Altars:
Ashenzari
Cheibriados
Elyvilon
Fedhas
Gozag
Hepliaklqana
Kikubaaqudgha
Makhleb
Nemelex Xobeh
Okawaru
Qazlal
Ru
Sif Muna
Trog
Uskayaw
Vehumet
Wu Jian
Xom
Yredelemnul
The Shining One

Shops:
D:3 !   D:4 (   D:10 *   Orc:1 ===*=

Annotations:
D:3 1 runed translucent door, Crazy Yiuf
D:7 exclusion: downstairs
D:8 exclusion: downstairs
D:10 exclusion: 2 downstairs
D:11 3 runed translucent doors, Jorgrun; M4edhros's ghost, journeyman OpAr; M4edhros's ghost, novice OpAr; NoOffense's ghost, journeyman TrMo; soepkip's ghost, journeyman DECj
D:12 exclusion: upstairs
Temple 2 transporters
Orc:1 2 transporters, zx48k's ghost, journeyman GnFi


Innate Abilities, Weirdness & Mutations

You are too large for most types of armour.
You have tough skin. (AC +1)


Message History

You finish channelling waves of flame.
You feel sick.
Jorgrun burns!
Jorgrun hits you with a +0 heavy quarterstaff.
Unknown command.
Casting: Flame Wave (mildly dangerous; 3% risk of failure)
Confirm with . or Enter, or press ? or * to list all spells.
Okay, then.
Okay, then.
Casting: Flame Wave (mildly dangerous; 3% risk of failure)
Confirm with . or Enter, or press ? or * to list all spells.
Okay, then.
Casting: Flame Wave (mildly dangerous; 3% risk of failure)
Confirm with . or Enter, or press ? or * to list all spells.
Flames lash Jorgrun.
Jorgrun is heavily wounded.
Jorgrun's fire resistance burns away.
You feel sick.
Jorgrun burns!
You feel sick.
Jorgrun burns!
Jorgrun hits you with a +0 heavy quarterstaff!
Unknown command.
Casting: Scorch (safe; 1% risk of failure)
Confirm with . or Enter, or press ? or * to list all spells.
Flames lash Jorgrun.
Jorgrun is burned terribly!
Jorgrun is severely wounded.
You feel sick.
Jorgrun burns!
Jorgrun gestures at you while chanting.
Roots burst forth from the earth!
The grasping roots grab you! The grasping roots constrict you.
You feel sick.
You are no longer poisoned.
Jorgrun burns!
Jorgrun casts a spell at you. The iron shot misses you.
The grasping roots constrict you!!
* * * LOW HITPOINT WARNING * * *
Casting: Scorch (safe; 1% risk of failure)
Confirm with . or Enter, or press ? or * to list all spells.
Flames lash Jorgrun but do no damage.
Jorgrun burns!
Jorgrun gestures at you while chanting. The iron shot hits you!!!
You die...
Your body crumbles into a pile of gold.

#.....####....##(.⌠."##
#.<.###..+...##8.....8##
#######...'....#...#!.......[#
#.........#....#...#}.......$#
#.........#....#...#8.W.....8#
#.........#....#...#..W.....$###
#.........######...####+++####..
#...............$...............
#..............@)..##...........
#...............g..#.......#....
#..................#.......#####
#######............#............
#........#####.....#######
#...(....#.........#
#######........#.........#
#..............#.........#
#..............#.........#


You could see Jorgrun (burning, combustible).

Vanquished Creatures
  Erolcha (D:9)
  3 two-headed ogres
  3 orc knights
  Pikel (D:7)
  3 orc sorcerers (Orc:2)
  2 ugly things (D:11)
  Maurice (D:9)
  Joseph (D:7)
  A gargoyle (D:10)
  Psyche (D:8)
  An unseen horror (D:10)
  Maggie (D:8)
  A kobold demonologist (D:11)
  4 trolls
  2 shadows
  21 yaks
  2 wyverns (D:9)
  2 acid dragons
  2 water moccasins
  20 orc warriors
  An ice beast (D:7)
  2 sky beasts
  3 black bears
  4 ogres
  3 centaurs
  A phantom (D:6)
  A lemure (D:7)
  2 kobold brigands (D:11)
  3 bullfrogs
  5 scorpions
  8 wights
  5 killer bees
  An electric eel (D:6)
  3 howler monkeys
  A crimson imp (D:5)
  3 quasits (D:4)
  13 orc priests
  A gnoll bouda (Orc:2)
  4 hounds
  An iguana (D:7)
  Jessica (D:3)
  3 sleepcaps
  Ijyb (D:3)
  Terence (D:2)
  17 orc wizards
  4 gnolls (Orc:2)
  10 adders
  4 shadow imps
  5 white imps
  3 ufetubi
  3 worms
  64 orcs
  7 ball pythons
  6 endoplasms
  2 giant cockroaches
  10 goblins
  8 hobgoblins
  8 jackals
  8 kobolds
  6 quokkas
  3 bats
  9 frilled lizards
  7 rats
328 creatures vanquished.

Vanquished Creatures (others)
  4 demonic plants (D:4)
  821 foxfires
  2 withered plants (D:11)
827 creatures vanquished.

Grand Total: 1155 creatures vanquished

Notes
Turn   | Place    | Note
-------+----------+-------------------------------------------
     0 | D:1      | 112233 the Ogre Fire Elementalist began the quest for the
                  | Orb.
     0 | D:1      | Reached XP level 1. HP: 16/16 MP: 3/3
   131 | D:1      | Reached XP level 2. HP: 26/26 MP: 2/5
   177 | D:1      | Reached skill level 1 in Fighting
   639 | D:1      | Reached XP level 3. HP: 33/33 MP: 5/7
   678 | D:1      | Found a faded altar of an unknown god.
   679 | D:1      | You fall into a shaft and drop 1 floor!
  1005 | D:2      | Noticed Terence
  1361 | D:2      | Learned a level 2 spell: Scorch
  1510 | D:2      | Reached skill level 2 in Fighting
  1833 | D:2      | Reached XP level 4. HP: 39/42 MP: 2/8
  1933 | D:2      | Killed Terence
  2146 | D:3      | Noticed Jessica
  2154 | D:3      | Killed Jessica
  2155 | D:3      | Reached XP level 5. HP: 40/52 MP: 5/10
  2536 | D:3      | Reached skill level 3 in Fighting
  2759 | D:3      | Noticed Ijyb
  2769 | D:3      | Killed Ijyb
  2908 | D:3      | Found a runed translucent door.
  2909 | D:3      | Noticed Crazy Yiuf
  2998 | D:3      | Found Leaquyw's Distillery.
  3008 | D:3      | Bought 2 potions of heal wounds for 130 gold pieces
  3942 | D:4      | Found Jume's Weapon Emporium.
  4179 | D:4      | Reached XP level 6. HP: 51/61 MP: 0/12
  4410 | D:4      | Noticed a black bear
  4417 | D:4      | Killed a black bear
  4418 | D:4      | Reached skill level 4 in Fighting
  4713 | D:4      | Found an ornate altar of the Wu Jian Council.
  4911 | D:4      | Reached XP level 7. HP: 62/71 MP: 0/13
  5448 | D:5      | Entered Level 5 of the Dungeon
  5613 | D:5      | Learned a level 1 spell: Apportation
  5785 | D:5      | Reached skill level 5 in Fighting
  5785 | D:5      | Reached skill level 5 in Spellcasting
  6134 | D:5      | Reached XP level 8. HP: 52/81 MP: 3/15
  6632 | D:5      | Reached skill level 5 in Fire Magic
  7104 | D:6      | Reached skill level 6 in Fighting
  7412 | D:6      | Found a sacrificial altar of Ru.
  7424 | D:6      | Reached skill level 5 in Dodging
  7520 | D:6      | Reached skill level 1 in Conjurations
  7657 | D:6      | Found a snail-covered altar of Cheibriados.
  8411 | D:6      | Reached skill level 7 in Fighting
  8411 | D:6      | Reached XP level 9. HP: 93/93 MP: 11/18
  9035 | D:7      | Found a staircase to the Ecumenical Temple.
  9111 | D:7      | Noticed Joseph
  9131 | D:7      | Killed Joseph
  9153 | Temple   | Entered the Ecumenical Temple
  9153 | Temple   | Found a transporter.
  9153 | Temple   | Found a transporter.
  9157 | Temple   | Found a transporter.
  9157 | Temple   | Found a transporter.
  9175 | Temple   | Became a worshipper of Gozag Ym Sagoz the Greedy
  9813 | D:7      | Reached skill level 8 in Fighting
 10452 | D:8      | Noticed Psyche
 10461 | D:8      | Killed Psyche
 10520 | D:8      | Noticed Pikel
 10838 | D:8      | Noticed Maggie
 11098 | D:7      | Killed Pikel
 11099 | D:7      | Reached XP level 10. HP: 40/106 MP: 3/21
 11508 | D:8      | Noticed a two-headed ogre
 11517 | D:8      | Killed a two-headed ogre
 11518 | D:8      | Reached skill level 9 in Fighting
 11743 | D:8      | Killed Maggie
 12207 | D:8      | Learned a level 4 spell: Flame Wave
 12212 | D:8      | Learned a level 4 spell: Sticky Flame
 12216 | D:8      | Learned a level 3 spell: Kindle Blastsparks
 12219 | D:8      | Learned a level 2 spell: Passwall
 13463 | D:9      | Found a staircase to the Orcish Mines.
 13473 | D:9      | Noticed Maurice
 13479 | Orc:1    | Entered Level 1 of the Orcish Mines
 13479 | Orc:1    | Found Samahon's Jewellery Boutique.
 13479 | Orc:1    | Found Zojum's Jewellery Boutique.
 13578 | D:9      | Noticed Erolcha
 13879 | D:9      | Killed Erolcha
 14218 | D:9      | Killed Maurice
 14219 | D:9      | Reached skill level 10 in Fighting
 14219 | D:9      | Reached XP level 11. HP: 74/117 MP: 2/23
 14918 | D:10     | Entered Level 10 of the Dungeon
 14918 | D:10     | Found Ulogohyi's CLEARANCE SALE!.
 14926 | D:10     | Bought a scroll of fear for 24 gold pieces
 14926 | D:10     | Bought 2 potions of heal wounds for 60 gold pieces
 16441 | D:10     | Noticed a two-headed ogre
 16461 | D:10     | Killed a two-headed ogre
 16868 | D:11     | Noticed a two-headed ogre
 16874 | D:11     | Noticed a red ugly thing
 16882 | D:10     | HP: 5/119 [two-headed ogre/+0 giant spiked club (3)]
 16888 | D:10     | HP: 5/119 [wight/silver javelin (1)]
 17175 | D:9      | Reached skill level 11 in Fighting
 17367 | Orc:1    | Noticed an orc knight
 17869 | D:3      | Bought a potion of heal wounds for 65 gold pieces
 17869 | D:3      | Bought a potion of heal wounds for 65 gold pieces
 17869 | D:3      | Bought a potion of might for 52 gold pieces
 17869 | D:3      | Bought a potion of lignification for 39 gold pieces
 17869 | D:3      | Bought a potion of curing for 39 gold pieces
 17869 | D:3      | Bought a potion of degeneration for 13 gold pieces
 18144 | D:10     | Killed a two-headed ogre
 18230 | D:10     | Reached skill level 10 in Spellcasting
 18603 | D:11     | Noticed a red ugly thing
 18775 | D:11     | Found a runed translucent gate.
 18775 | D:11     | Found a runed translucent gate.
 18775 | D:11     | Found a runed translucent gate.
 18775 | D:11     | Noticed soepkip's ghost (journeyman DECj)
 18775 | D:11     | Noticed NoOffense's ghost (journeyman TrMo)
 18778 | D:11     | Noticed M4edhros's ghost (novice OpAr)
 18780 | D:11     | Noticed M4edhros's ghost (journeyman OpAr)
 18809 | D:12     | Noticed Jorgrun
 18833 | D:11     | Killed a red ugly thing
 19002 | D:9      | Killed an orc knight
 19003 | D:9      | Reached XP level 12. HP: 71/131 MP: 1/26
 19652 | Orc:1    | Found Xikup's Jewellery Emporium.
 19702 | Orc:1    | Bought an amulet of magic regeneration for 420 gold pieces
 19738 | Orc:1    | Found a transporter.
 19750 | Orc:1    | Noticed zx48k's ghost (journeyman GnFi)
 19785 | Orc:1    | Found Vack's Jewellery Shoppe.
 19979 | Orc:1    | Found a transporter.
 20010 | Orc:1    | Found Gocol's Assorted Antiques.
 20029 | Orc:1    | Bought a potion of heal wounds for 145 gold pieces
 20029 | Orc:1    | Bought a potion of heal wounds for 145 gold pieces
 20029 | Orc:1    | Bought a green potion for 26 gold pieces
 20208 | Orc:2    | Entered Level 2 of the Orcish Mines
 20389 | Orc:2    | Found a staircase to the Elven Halls.
 20545 | Orc:2    | Reached skill level 12 in Fighting
 21959 | Orc:2    | Paralysed by an orc sorcerer for 2 turns
 21965 | Orc:2    | Noticed an orc high priest
 21976 | Orc:2    | Noticed a soul eater
 22578 | Orc:2    | Noticed an orc high priest
 23238 | D:11     | Found a staircase to the Lair.
 23816 | D:11     | Killed from afar by Jorgrun

Illustrated notes

Levels and vault maps discovered:
D:1:      dpeg_arrival_line_fractal, layout_rooms,
          hellmonk_ecumenical_altar_blasted
D:2:      layout_rooms, uniq_terence
D:3:      layout_loops_corners, serial_shops, nicolae_shop_waterfront,
          serial_co_window_serial, co_window_of_opportunity_a,
          co_window_paths_b, co_window_paths_b, co_window_paths_a,
          co_window_paths_b, co_window_unsneaky_path_a, co_window_corner_cb,
          co_window_of_opportunity_b, glass_columns_a, glass_columns_b,
          glass_columns_a, glass_columns_a, grunt_ministairs_13,
          minmay_fractal_squares_diagonal_5, uniq_crazy_yiuf_cottage,
          uniq_jessica, uniq_ijyb
D:4:      layout_cave_pools, mainiacjoe_overflow_paths, serial_shops,
          nicolae_stop_n_shop_1, serial_demonic, serial_demonic_a,
          serial_demonic_f, serial_demonic_c, serial_demonic_c,
          serial_demonic_b, serial_demonic_f
D:5:      layout_loops_cross, minmay_fire_ice_demons
D:6:      layout_basic, cheibriados_altar_1, mainiacjoe_overflow_24_doors,
          water_boxes_lemuel
D:7:      layout_basic, minmay_temple_entry_wispy, minmay_misc_feat_rows,
          hangedman_decor_lopped, uniq_joseph
D:8:      layout_basic, minmay_misc_feat_tower, uniq_maggie, uniq_psyche,
          uniq_pikel
D:9:      layout_rooms, orc_0_dummy, minmay_circle_x, uniq_erolcha, uniq_maurice
D:10:     layout_basic, nicolae_shop_clearance
D:11:     layout_irregular_city, lair_entry_dummy, gammafunk_ghost_cemetery
D:12:     layout_long_grid, minmay_fountain_box, hex_medium, minmay_lizard_king,
          uniq_jorgrun
Temple:   hellmonk_temple_divided_pantheon
Orc:1:    layout_caves, serial_shops, shop_statue, shop_coins,
          nicolae_shop_hallway_stairs, shop,
          nicolae_shop_competitors_out_of_business,
          gammafunk_ghost_berserking_beasts
Orc:2:    grunt_orc_tribal_feast, layout_caves

Skill      XL: |  1  2  3  4  5  6  7  8  9 10 11 12 |
---------------+-------------------------------------+-----
Fighting       | 1 2 3 4 5 7 8 10 11 12 | 12.8
Dodging        | 2 3 4 5 6 7 8 9 |  9.4
Fire Magic     | 3 4 5 6 7 8 9 |  9.7
Spellcasting   | 3 4 5 6 7 8 10 11 | 11.2
Conjurations   | 1 3 4 |  4.9
Stealth        | |  1.4

Action                     |  1- 3 |  4- 6 |  7- 9 | 10-12 || total
---------------------------+-------+-------+-------+-------++-------
  Melee: Unarmed           |     1 |       |       |       ||     1
         Dagger            |       |     4 |    55 |    21 ||    80
   Cast: Foxfire           |    67 |   100 |   109 |   208 ||   484
         Scorch            |     2 |    27 |   117 |   209 ||   355
         Sticky Flame      |       |       |       |    11 ||    11
         Flame Wave        |       |       |       |    25 ||    25
         Kindle Blastspark |       |       |       |     3 ||     3
 Invoke: Potion Petition   |       |       |       |     1 ||     1
  Evoke: Wand              |       |     6 |    16 |    15 ||    37
    Use: Potion            |     1 |     1 |     4 |    10 ||    16
         Scroll            |       |       |     1 |    24 ||    25
   Stab: Paralysed         |       |       |    11 |       ||    11
 Armour: Robe              |    15 |    50 |    48 |    79 ||   192
  Dodge: Dodged            |    21 |    82 |   136 |   233 ||   472

Table legend: (Time is in decaauts)
 A = Elapsed time spent in this place.
 B = Non-inter-level travel time spent in this place.
 C = Inter-level travel time spent in this place.
 D = Time resting spent in this place.
 E = Time spent auto-exploring this place.
 F = Levels seen in this place.
 G = Mean time per level.
                   A        B        C        D        E       F      G
               +--------+--------+--------+--------+--------+-----+--------+
         Total |  23851 |  22249 |   1602 |   6688 |  12494 |  15 | 1590.1 |
       Dungeon |  20389 |  18924 |   1465 |   5316 |  11073 |  12 | 1699.1 |
        Temple |     39 |      8 |     31 |      0 |      3 |   1 |   39.0 |
  Orcish Mines |   3422 |   3317 |    105 |   1372 |   1418 |   2 | 1711.0 |
               +--------+--------+--------+--------+--------+-----+--------+

Top non-repeatable levels by time:
     D:8: 2720 daAuts
    D:10: 2586 daAuts
     D:9: 2477 daAuts
     D:3: 2174 daAuts
     D:7: 1974 daAuts
   Orc:2: 1945 daAuts
     D:6: 1834 daAuts
     D:5: 1698 daAuts
   Orc:1: 1476 daAuts
     D:4: 1281 daAuts
     D:2: 1191 daAuts
    D:11: 1182 daAuts
     D:1: 950 daAuts
    D:12: 318 daAuts
  Temple: 39 daAuts
